 Dungeon Crawl Stone Soup version 0.26-a0-639-g72c4674329 (webtiles) character file.

Game seed: 1562664139632373021

771 ANON1729 the Skirmisher (level 7, -8/46 HPs)
             Began as a Gargoyle Fighter on Sept 15, 2020.
             Mangled by an ogre
             ... wielding a +0 giant spiked club
              (16 damage)
             ... on level 3 of the Dungeon.
             The game lasted 00:05:32 (4463 turns).

ANON1729 the Skirmisher (Gargoyle Fighter)          Turns: 4463, Time: 00:05:32

Health: -8/46      AC: 14    Str: 21    XL:     7   Next: 83%
Magic:  7/7        EV:  7    Int:  9    God:
Gold:   110        SH:  9    Dex:  9    Spells: 6/6 levels left

rFire    . . .     SeeInvis .   a - +0 long sword
rCold    . . .     Faith    .   c - +0 kite shield
rNeg     + . .     Spirit   .   r - +2 scale mail {MR+}
rPois    ∞         Reflect  .   (no helmet)
rElec    +         Harm     .   (no cloak)
rCorr    .         Rampage  .   (no gloves)
MR       +....                  (no boots)
Stlth    ..........             (no amulet)
HPRegen  0.15/turn              p - ring of wizardry
MPRegen  0.10/turn              (no ring)

@: no status effects
A: negative energy resistance 1, electricity resistance, unbreathing,
petrification resistance, rot immunity, AC +4
a: no special abilities


You were on level 3 of the Dungeon.
You visited 1 branch of the dungeon, and saw 4 of its levels.
You also visited: Sewer.

You collected 110 gold pieces.

Inventory:

Hand Weapons
 a - a +0 long sword (weapon)
Armour
 c - a +0 kite shield (worn)
 r - a +2 scale mail of magic resistance (worn)
Jewellery
 p - a ring of wizardry (left hand)
 x - an uncursed amulet of magic regeneration
 y - an uncursed ring of stealth {unknown}
Scrolls
 f - 2 scrolls of teleportation {unknown}
 g - a scroll of noise {unknown}
 h - 7 scrolls of identify {unknown}
 i - 2 scrolls of magic mapping {unknown}
 j - a scroll of blinking {unknown}
 l - 4 scrolls of fear {unknown}
 o - 4 scrolls of remove curse {unknown}
 q - a scroll of immolation {unknown}
 t - 2 scrolls of enchant armour {unknown}
 v - a scroll of enchant weapon {unknown}
Potions
 b - a potion of stabbing {unknown}
 d - 2 potions of might
 e - 6 potions of curing {unknown}
 k - 3 potions of flight {unknown}
 m - a potion of mutation {unknown}
 n - a potion of lignification {unknown}
 s - 4 potions of heal wounds {unknown}
 u - a potion of brilliance {unknown}
 w - a potion of magic {unknown}
 z - a potion of cancellation {unknown}


   Skills:
 + Level 6.2 Fighting
 + Level 4.5 Long Blades
 + Level 6.0 Armour
 - Level 4.0 Shields


You had 6 spell levels left.
You didn't know any spells.
Your spell library contained the following spells:

 Spells                   Type           Power        Failure   Level
 Beastly Appendage        Tmut           #.....       83%         1
 Wereblood                Tmut           #.......     92%         2
 Spider Form              Tmut/Pois      #.........   99%         3
 Ice Form                 Ice/Tmut       #.......     100%        4
 Blade Hands              Tmut           #.........   100%        5


Dungeon Overview and Level Annotations

Branches:
Dungeon (4/15)              Sewer (visited)
 Temple: D:4-7

Altars:
Makhleb
Uskayaw


Innate Abilities, Weirdness & Mutations

You are resistant to torment.
Your stone body is resilient. (AC +4)
You are immune to poison.
You resist negative energy. (rN+)
You are resistant to electric shocks. (rElec)
You can survive without breathing.
You are immune to petrification.
You are immune to rotting.


Message History

The hobgoblin closely misses you.
You hit the hobgoblin.
You kill the hobgoblin!
You block the ogre's attack. You block the hobgoblin's attack.
Things that are here:
a +0 club; a +0 club; a goblin corpse You completely miss the ogre.
The ogre hits you with a +0 giant spiked club!!
* * * LOW HITPOINT WARNING * * *
You are too injured to fight recklessly!
You are too injured to fight recklessly!
You are too injured to fight recklessly!
You slash the ogre!
The ogre is moderately wounded.
The ogre hits you with a +0 giant spiked club.
* * * LOW HITPOINT WARNING * * *
You see here 5 poisoned darts.
You block the hobgoblin's attack.
The ogre hits you with a +0 giant spiked club!
You die...

#..........# #..........#
#..........#
#######...[....##
#.......(......##
###...............#
###......#()........#
#######...#....#g<........#
........###....O@.........#
.......####....#..........#
...[....##.....##[.......##
......PP.......###......##
##.##..PPP.....# ########
##.##........###
#..###P.P.#.)####### ..##
##.###........#
#######.###........#


You could see an ogre and a hobgoblin.

Vanquished Creatures
  4 big kobolds (Sewer)
  2 orc wizards
  Terence (D:2)
  A hound skeleton (D:3)
  2 worker ant zombies (D:3)
  Robin (D:4)
  6 gnolls
  A howler monkey zombie (D:3)
  7 adders
  7 river rats (Sewer)
  An adder skeleton (D:3)
  4 worms (D:3)
  A dart slug (D:1)
  2 leopard geckos
  21 orcs
  5 ball pythons
  6 giant cockroaches
  16 goblins
  9 hobgoblins
  3 jackals (D:2)
  2 quokkas (D:2)
  11 bats
  4 frilled lizards
  17 kobolds
  A quokka zombie (D:3)
  23 rats
158 creatures vanquished.

Vanquished Creatures (others)
  4 withered plants (D:3)
4 creatures vanquished.

Grand Total: 162 creatures vanquished

Notes
Turn   | Place    | Note
-------+----------+-------------------------------------------
     0 | D:1      | ANON1729 the Gargoyle Fighter began the quest for the Orb.
     0 | D:1      | Reached XP level 1. HP: 14/14 MP: 1/1
   267 | D:1      | Reached XP level 2. HP: 18/19 MP: 2/2
   683 | D:1      | Reached XP level 3. HP: 23/23 MP: 3/3
   879 | D:2      | Noticed Terence
   899 | D:2      | Killed Terence
  1090 | D:2      | Reached XP level 4. HP: 29/29 MP: 4/4
  1228 | D:2      | Found a faded altar of an unknown god.
  1429 | D:2      | Reached XP level 5. HP: 22/34 MP: 5/5
  2200 | D:3      | Found a burning altar of Makhleb.
  2258 | D:3      | Found a glowing drain.
  2519 | Sewer    | Entered a sewer
  2565 | Sewer    | Noticed a big kobold
  2584 | Sewer    | Killed a big kobold
  2584 | Sewer    | Reached skill level 5 in Fighting
  2584 | Sewer    | Reached XP level 6. HP: 29/40 MP: 6/6
  2765 | Sewer    | Reached skill level 5 in Armour
  2991 | Sewer    | Reached XP level 7. HP: 32/44 MP: 7/7
  3862 | D:3      | Noticed a +0 dagger
  3863 | D:3      | Found a hide-covered altar of Uskayaw.
  3863 | D:3      | Noticed a +0 hand axe
  4343 | D:4      | Noticed Robin
  4358 | D:4      | Killed Robin
  4463 | D:3      | Mangled by an ogre

Illustrated notes

Levels and vault maps discovered:
D:1:      minmay_arrival_cross, layout_loops_ring
D:2:      layout_basic, chequers_ecumenical_altar_island, minmay_pentomino_t2,
          uniq_terence
D:3:      layout_rooms, dancing_weapons_uskayaw, nicolae_overflow_hidden_temple,
          cheibrodos_sewer_entry_bend, serial_undead, serial_undead_b,
          serial_undead_a, serial_undead_b, serial_undead_d, serial_undead_b,
          serial_undead_f
D:4:      layout_rooms, uniq_sigmund, uniq_duvessa, uniq_robin

Skill      XL: |  1  2  3  4  5  6  7 |
---------------+----------------------+-----
Long Blades    | 2 3 4 |  4.5
Shields        | 4 |  4.0
Fighting       | 4 5 6 |  6.2
Armour         | 4 5 6 |  6.0

Action                   |  1- 3 |  4- 6 |  7- 9 || total
-------------------------+-------+-------+-------++-------
Melee: Long sword        |   114 |   270 |   205 ||   589
Armor: Scale mail        |    73 |   246 |   223 ||   542
Dodge: Dodged            |    45 |   124 |   115 ||   284
Block: Kite shield       |    59 |   222 |   199 ||   480
       Rpst.: Long sword |    12 |    44 |    31 ||    87

Table legend: (Time is in decaauts)
 A = Elapsed time spent in this place.
 B = Non-inter-level travel time spent in this place.
 C = Inter-level travel time spent in this place.
 D = Time resting spent in this place.
 E = Time spent auto-exploring this place.
 F = Levels seen in this place.
 G = Mean time per level.
                   A        B        C        D        E       F      G
               +--------+--------+--------+--------+--------+-----+--------+
         Total |   4682 |   4516 |    166 |    211 |   3168 |   5 |  936.4 |
       Dungeon |   3449 |   3283 |    166 |    211 |   2246 |   4 |  862.2 |
         Sewer |   1233 |   1233 |      0 |      0 |    922 |   1 | 1233.0 |
               +--------+--------+--------+--------+--------+-----+--------+

Top non-repeatable levels by time:
     D:2: 1297 daAuts
   Sewer: 1233 daAuts
     D:3: 1205 daAuts
     D:1: 869 daAuts
     D:4: 76 daAuts
